 Dungeon Sprint DCSS version 0.19.0-22-gd96e5fe (webtiles) character file.

1425 equalderp2856 the Gouger (level 8, -15/41 HPs)
             Began as a Felid Fighter on Nov 18, 2016.
             Killed from afar by a deep elf mage (37 damage)
             ... with a shard of ice
             ... in the Dungeon (Sprint V: "Ziggurat Sprint").
             The game lasted 00:12:55 (646 turns).

equalderp2856 the Gouger (Felid Fighter)             Turns: 646, Time: 00:12:55

Health: -15/41     AC:  2    Str: 16    XL:     8   Next: 44%
Magic:  16/16      EV: 29    Int: 11    God:
Gold:   0          SH:  5    Dex: 20    Spells: 2 memorised, 14 levels left
                                        Lives:  0   Deaths: 2

rFire  + . .     SeeInvis +       - Unarmed
rCold  x . .     Gourm    .     (armour unavailable)
rNeg   . . .     Faith    .     (shield unavailable)
rPois  .         Spirit   .     (helmet unavailable)
rElec  .         Reflect  +     (cloak unavailable)
rCorr  .         Harm     .     (gloves unavailable)
MR     ++...     NoTele   +     (boots unavailable)
Stlth  ++++......               z - amulet "Ferovune" {Reflect Str+3 Dex+4 SH+5}
                                B - ring of protection from magic
                                y - ring of fire

@: studying Stealth, drained, quick
A: no armour, no weapons or thrown items, stealth, claws 1, fangs 3, see
invisible, carnivore 3, speed 1, shaggy fur 2, slow metabolism 1, sharp paws
a: no special abilities


You were in the Dungeon.
You were full.

You visited 1 branch

Inventory:

Jewellery
 y - a ring of fire (left paw)
 z - the amulet "Ferovune" (around neck) {Reflect Str+3 Dex+4 SH+5}
   (You found it in the Dungeon)

   [amulet of reflection]

   It shields you and reflects attacks.
   It affects your strength (+3).
   It affects your dexterity (+4).
   It affects your SH (+5).
 B - a ring of protection from magic (right paw)
Wands
 u - a wand of disintegration (6/24)
 v - a wand of iceblast (0/15)
 w - a wand of lightning (0/15)
 x - a wand of acid (0/15)
Scrolls
 h - 4 scrolls of blinking
 n - 4 scrolls of amnesia
 o - 3 scrolls of recharging
 p - 7 scrolls of fog
 q - a scroll of holy word
 r - 5 scrolls of identify
 s - 5 scrolls of remove curse
 t - 2 scrolls of fear
Potions
 a - 6 potions of might
 c - 7 potions of curing
 d - 4 potions of heal wounds
 e - 6 potions of haste
 f - 7 potions of magic
 g - 3 potions of berserk rage
 i - 2 potions of brilliance
 j - 2 potions of invisibility
 k - 4 potions of resistance
 l - a potion of experience
 m - 5 potions of agility
Books
 A - a book of Changes

   Spells                             Type                      Level
   a - Beastly Appendage              Transmutation                1
   b - Sticks to Snakes               Transmutation                2
   c - Spider Form                    Transmutation/Poison         3
   d - Ice Form                       Ice/Transmutation            4
   e - Blade Hands                    Transmutation                5
 C - a book of Air

   Spells                             Type                      Level
   a - Shock                          Conjuration/Air              1
   b - Swiftness                      Charms/Air                   2
   c - Repel Missiles                 Charms/Air                   2
   d - Static Discharge               Conjuration/Air              3
   e - Lightning Bolt                 Conjuration/Air              5
 E - a manual of Stealth
 F - a book of Air

   Spells                             Type                      Level
   a - Shock                          Conjuration/Air              1
   b - Swiftness                      Charms/Air                   2
   c - Repel Missiles                 Charms/Air                   2
   d - Static Discharge               Conjuration/Air              3
   e - Lightning Bolt                 Conjuration/Air              5
Miscellaneous
 D - a lamp of fire (inert)
Comestibles
 b - a meat ration


   Skills:
 + Level 8.5(8.1) Fighting
 + Level 12.4(12.0) Dodging
 * Level 6.4(6.1) Stealth
 * Level 14.2(13.8) Unarmed Combat
 * Level 5.2(4.9) Spellcasting
 * Level 5.1(4.7) Conjurations
 * Level 5.0(4.7) Air Magic
 * Level 6.9(6.6) Evocations


You had 14 spell levels left.
You knew the following spells:

 Your Spells              Type           Power        Failure   Level  Hunger
a - Shock                 Conj/Air       ##..         3%          1    None
b - Sticks to Snakes      Tmut           #.......     34%         2    ##.....


Dungeon Overview and Level Annotations

Branches:
Dungeon (1/1)

Altars:
Ashenzari
Cheibriados
Dithmenos
Elyvilon
Fedhas
Gozag
Hepliaklqana
Kikubaaqudgha
Makhleb
Nemelex Xobeh
Okawaru
Qazlal
Ru
Sif Muna
Trog
Uskayaw
Vehumet
Xom
Yredelemnul
Zin
The Shining One
Beogh
Jiyva
Lugonu


Innate Abilities, Weirdness & Mutations

You cannot wear armour.
You are incapable of wielding weapons or throwing items.
Your paws allow you to move quietly. (Stealth)
You have sharp claws.
You have razor-sharp teeth.
You have supernaturally acute eyesight. (SInv)
You are carnivorous and can eat meat at any time.
You cover ground quickly.
You are covered in thick fur. (AC +2)
You have a slow metabolism.
Your sharp claws are effective at attacking unaware monsters.


Message History

You claw the deep elf mage!
The deep elf mage is heavily wounded.
The glaive of chopping hits you from afar!
The deep elf mage gestures wildly while chanting.
The deep elf mage blinks!
You claw the deep elf mage! You bite the deep elf mage.
The deep elf mage is severely wounded.
The battlesphere is engulfed in roaring flames.
The soul eater closely misses you.
The deep elf mage gestures wildly while chanting.
The battlesphere is engulfed in roaring flames.
You claw the deep elf mage!
The deep elf mage is almost dead.
The glaive of chopping misses you.
The deep elf mage gestures wildly while chanting.
The deep elf mage blinks!
The soul eater hits you!
You feel drained.
The deep elf mage points at you and mumbles some strange words.
The shard of ice hits you!
You feel a painful chill!
Ouch! That really hurt!
You die...

▓(^^(...▓
▓▓▓▓▓▓▓▓▓
▓..8©8..▓
▓..§}:..▓
▓..§:§..▓
▓..§o...▓
▓.Y§e...▓
▓e3(§4..▓
▓@..§...▓
▓..*e...▓
▓...:..e▓
▓▓▓▓▓▓▓▓▓


You could see a soul eater, a deep elf demonologist, an orange demon, 3 deep elf
magi, an orc sorcerer, an ice beast, a glaive of chopping and a battlesphere.

Vanquished Creatures
  4 toenail golems (D)
  5 merfolk (D)
  A tarantella (D)
  An ice beast (D)
  A centaur (D)
  7 scorpions (D)
  A white imp (D)
  A jackal simulacrum (D)
21 creatures vanquished.

Vanquished Creatures (collateral kills)
  A toenail golem (D)
1 creature vanquished.

Grand Total: 22 creatures vanquished

Notes
Turn   | Place    | Note
-------+----------+-------------------------------------------
     0 | D        | equalderp2856 the Felid Fighter began the quest for the Orb.
     0 | D        | Reached XP level 1. HP: 10/10 MP: 2/2
     0 | D        | Found a deep blue altar of Sif Muna.
     0 | D        | Found a bloodstained altar of Trog.
     0 | D        | Found a sacrificial altar of Ru.
     0 | D        | Found a stormy altar of Qazlal.
     0 | D        | Found an iron altar of Okawaru.
     1 | D        | Found a sparkling altar of Nemelex Xobeh.
     1 | D        | Found a blossoming altar of Fedhas.
     3 | D        | Found an ancient bone altar of Kikubaaqudgha.
     3 | D        | Found a viscous altar of Jiyva.
     3 | D        | Found a corrupted altar of Lugonu.
     3 | D        | Found a hazy altar of Hepliaklqana.
     3 | D        | Found a burning altar of Makhleb.
     3 | D        | Found an opulent altar of Gozag.
    28 | D        | Entered arena 1.
    28 | D        | Noticed a draconian
    28 | D        | Noticed a green draconian
    33 | D        | Entered arena 2.
    33 | D        | Noticed an ice beast
    39 | D        | Killed an ice beast
    39 | D        | Reached skill level 7 in Unarmed Combat
    39 | D        | Reached skill level 1 in Evocations
    39 | D        | Reached XP level 2. HP: 15/15 MP: 2/4
    39 | D        | Reached XP level 3. HP: 19/19 MP: 2/5
    39 | D        | Reached XP level 4. HP: 22/22 MP: 2/6
   202 | D        | Got the amulet "Ferovune" {Reflect Str+3 Dex+4 SH+5}
   216 | D        | Entered arena 3.
   220 | D        | Reached skill level 5 in Fighting
   220 | D        | Reached skill level 8 in Unarmed Combat
   220 | D        | Reached XP level 5. HP: 26/26 MP: 7/7
   222 | D        | Reached skill level 9 in Unarmed Combat
   226 | D        | Reached skill level 10 in Unarmed Combat
   226 | D        | Gained mutation: You are covered in thick fur. (AC +2) [Felid growth]
   226 | D        | Reached XP level 6. HP: 31/31 MP: 8/8
   247 | D        | Entered arena 4.
   247 | D        | Noticed a tarantella
   251 | D        | Killed a tarantella
   251 | D        | Reached skill level 11 in Unarmed Combat
   253 | D        | Reached XP level 7. HP: 36/36 MP: 8/10
   254 | D        | Reached skill level 10 in Dodging
   254 | D        | Reached skill level 12 in Unarmed Combat
   312 | D        | Learned a level 1 spell: Shock
   314 | D        | Entered arena 5.
   314 | D        | Noticed a toenail golem
   314 | D        | Noticed a toenail golem
   314 | D        | Noticed a toenail golem
   314 | D        | Noticed a toenail golem
   314 | D        | Noticed a toenail golem
   337 | D        | Killed a toenail golem
   341 | D        | Killed a toenail golem
   341 | D        | Reached XP level 8. HP: 15/40 MP: 10/13
   342 | D        | Killed a toenail golem
   342 | D        | Reached skill level 1 in Stealth
   342 | D        | Reached skill level 13 in Unarmed Combat
   345 | D        | Killed a toenail golem
   349 | D        | Killed a toenail golem
   349 | D        | Reached skill level 5 in Evocations
   349 | D        | Reached XP level 9. HP: 37/45 MP: 11/16
   379 | D        | Entered arena 6.
   379 | D        | Noticed a merfolk
   379 | D        | Noticed a merfolk
   379 | D        | Noticed a merfolk
   379 | D        | Noticed a merfolk
   379 | D        | Noticed a merfolk
   402 | D        | Slain by a merfolk
   403 | D        | Reached XP level 8. HP: -1/41 MP: 15/15
   408 | D        | Killed a merfolk
   408 | D        | Identified the +11 dagger of Abomination {venom, *Corrode Str+6}
   408 | D        | Slain by a merfolk
   409 | D        | Reached XP level 7. HP: -1/37 MP: 14/14
   417 | D        | Entered arena 6.
   426 | D        | Killed a merfolk
   430 | D        | Killed a merfolk
   430 | D        | Reached skill level 5 in Stealth
   430 | D        | Reached skill level 14 in Unarmed Combat
   430 | D        | Reached XP level 8. HP: 40/41 MP: 14/16
   434 | D        | Killed a merfolk
   434 | D        | Reached skill level 5 in Spellcasting
   434 | D        | Reached skill level 5 in Conjurations
   441 | D        | Killed a merfolk
   441 | D        | Reached skill level 5 in Air Magic
   631 | D        | Learned a level 2 spell: Sticks to Snakes
   636 | D        | Entered arena 7.
   636 | D        | Noticed a deep elf mage
   636 | D        | Noticed an orc sorcerer
   636 | D        | Noticed a deep elf mage
   636 | D        | Noticed a deep elf demonologist
   636 | D        | Noticed a glaive of chopping
   636 | D        | Noticed a deep elf mage
   638 | D        | Noticed a soul eater
   639 | D        | Noticed an orange demon
   646 | D        | Killed from afar by a deep elf mage

Skill      XL: |  1  2  3  4  5  6  7  8 |
---------------+-------------------------+-----
Fighting       | 4 5 6 7 8 |  8.5
Dodging        | 6 7 8 9 11 12 | 12.4
Unarmed Combat | 7 8 10 11 14 13 | 14.2
Evocations     | 1 2 3 6 5 |  6.9
Spellcasting   | 3 5 |  5.2
Conjurations   | 3 5 |  5.1
Air Magic      | 3 5 |  5.0
Stealth        | 5 6 |  6.4

Action                   |  1- 3 |  4- 6 |  7- 9 || total
-------------------------+-------+-------+-------++-------
Melee: Unarmed           |     1 |    17 |    51 ||    69
       Bite              |     1 |     4 |    10 ||    15
       Punch             |       |     2 |     3 ||     5
Evoke: Wand              |     5 |     3 |     8 ||    16
       Sack of spiders   |       |       |     6 ||     6
       Lamp of fire      |       |       |     3 ||     3
  Use: Potion            |       |     3 |    10 ||    13
 Stab: Held in net/web   |       |       |     2 ||     2
  Eat: Chunk             |       |       |     3 ||     3
Armor: Skin              |       |       |     1 ||     1
Dodge: Dodged            |     4 |     9 |    80 ||    93
Block: Other             |       |     1 |    20 ||    21
